 Dungeon Crawl Stone Soup version 0.31-a0-222-gefeffbb62a (webtiles) character file.

Game seed: 11425834888262957295

506 qw the Shooter (level 6, 0/52 HPs)
             Began as a Minotaur Hexslinger on July 4, 2023.
             Slain by an ogre
             ... wielding a +0 giant spiked club
              (12 damage)
             ... on level 5 of the Dungeon.
             The game lasted 00:01:08 (3017 turns).

qw the Shooter (Minotaur Hexslinger)                Turns: 3017, Time: 00:01:08

Health: 0/52       AC:  5    Str: 12    XL:     6   Next: 97%
Magic:  6/6        EV: 12    Int: 10    God:
Gold:   145        SH:  0    Dex: 21    Spells: 6/7 levels left

rFire   . . .        Y - +2 sling
rCold   . . .        (no shield)
rNeg    . . .        a - +0 ring mail
rPois   .            (helmet restricted)
rElec   .            (no cloak)
rCorr   .            (no gloves)
SInv    .            (no boots)
Will    .....        (no amulet)
Stlth   +            d - +6 ring of dexterity
HPRegen 0.28/turn    (no ring)
MPRegen 0.10/turn

%: no passive effects
@: about to teleport
A: horns 2, retaliatory headbutt
a: no special abilities


You were on level 5 of the Dungeon.
You visited 1 branch of the dungeon, and saw 5 of its levels.

You collected 145 gold pieces.


Innate Abilities, Weirdness & Mutations

You have a pair of horns on your head.
You reflexively headbutt those who attack you in melee.


   Skills:
 - Level 4.0 Fighting
 - Level 7.1 Ranged Weapons
 - Level 1.0 Armour
 + Level 2.9 Dodging
 - Level 1.0 Spellcasting
 - Level 2.0 Hexes


You had 6 spell levels left.
You knew the following spells:

 Your Spells              Type           Power      Damage    Failure   Level
a - Slow                  Hex            16%        N/A       34%         1

Your spell library contained the following spells:

 Spells                   Type           Power      Damage    Failure   Level
 Inner Flame              Hex/Fire       2%         N/A       83%         3
 Portal Projectile        Hex/Tloc       4%         N/A       83%         3
 Cause Fear               Hex            2%         N/A       98%         4

Inventory:

Hand Weapons
 Y - a +2 sling (weapon)
Armour
 a - a +0 ring mail (worn)
Jewellery
 d - a +6 ring of dexterity (left hand)
Scrolls
 b - 2 scrolls of identify
 c - 3 scrolls of revelation {unknown}
Potions
 i - a potion of curing
 j - 2 potions of enlightenment
 k - a potion of might {unknown}
 l - a potion of resistance {unknown}
 m - a potion of lignification {unknown}

Dungeon Overview and Level Annotations

Branches:
Dungeon (4/15)
 Temple: D:4-7

Altars:
Cheibriados
Fedhas
Kikubaaqudgha
Nemelex Xobeh
The Shining One

Annotations:
D:3 1 runed translucent door, Crazy Yiuf


Message History

You feel much better.
The centaur shoots an arrow.
The arrow hits you.
A gnoll bouda comes into view. It is wielding a +0 whip.
You shoot a sling bullet.
The sling bullet barely misses the gnoll.
The sling bullet hits the centaur!
The centaur is severely wounded.
Your surroundings suddenly seem different. 2 giant lizards, a black bear, an orc, 2 ogres and a scorpion come into view.
Found 28 gold pieces and a dagger.
The ogre shouts!
The komodo dragon hisses angrily.
The iguana hisses angrily.
The orc shouts!
You hear a bark!
You hear an angry hiss. x2
An adder comes into view.
A jackal comes into view.
An ogre comes into view. It is wielding a +0 giant spiked club.
The iguana completely misses you. You furiously retaliate!
You headbutt the iguana! The ogre barely misses you. You furiously retaliate!
You headbutt the ogre!
The gnoll bouda moves out of view.
The scorpion moves out of view.
The adder hisses angrily.
You shoot a sling bullet.
The sling bullet barely misses the ogre.
The jackal bites you. The iguana bites you.
The ogre hits you with a +0 giant spiked club!!
3016 ||| READING scroll of teleportation.
As you read the scroll of teleportation, it crumbles to dust.
You feel strangely unstable.
A hound comes into view.
The jackal bites you but does no damage.
An adder comes into view.
The iguana bites you but does no damage.
The ogre barely misses you. You furiously retaliate!
You headbutt the ogre! The jackal closely misses you.
You shoot a sling bullet.
The sling bullet barely misses the ogre.
The adder hisses angrily.
The hound barks!
You hear an angry hiss.
The jackal bites you but does no damage.
The ogre barely misses you. The iguana completely misses you.
The ogre hits you with a +0 giant spiked club!
You die...

#. .# #.
.. ## #.
#. ..
####.##
$###
..........
#...#..
#..
#O.O#...#
#@l$# .
#hol#...#
#. #s..#h.
#.. #.
....O.....
#. ....#S.
#...# #.
.....#.Sh#
..#. #.
....# ..#)
#.. #.
###. ...#
#. #. #.


You could see a two-headed ogre, a komodo dragon, a black bear, 2 ogres, a
scorpion, an iguana, a hound, 2 adders, an orc and a jackal.

Vanquished Creatures
  Duvessa (D:5)
  A phantom (D:4)
  Dowan (D:5)
  A jelly (D:4)
  A gnoll bouda (D:5)
  An orc priest (D:3)
  Jessica (D:2)
  Terence (D:2)
  4 gnolls (D:5)
  2 adders
  3 worms
  4 dart slugs
  6 orcs
  7 ball pythons
  8 bats
  6 endoplasms
  2 giant cockroaches (D:2)
  6 goblins
  A hobgoblin (D:2)
  5 quokkas
  5 frilled lizards
  7 kobolds
  A rat (D:1)
75 creatures vanquished.

Notes
Turn   | Place    | Note
-------+----------+-------------------------------------------
     0 | D:1      | qw the Minotaur Hexslinger began the quest for the Orb.
     0 | D:1      | Reached XP level 1. HP: 16/16 MP: 1/1
     0 | D:1      | 0 ||| qw: Version: 0.3-a-46-gb1f654a
     0 | D:1      | 0 ||| qw: Game counter: 908
     0 | D:1      | 0 ||| qw: Melee chars always use a shield: true
     0 | D:1      | 0 ||| qw: God list: Okawaru
     0 | D:1      | 0 ||| qw: Allow faded altars: false
     0 | D:1      | 0 ||| qw: Do Orc after clearing Dungeon:15 true
     0 | D:1      | 0 ||| qw: Do second Lair branch before Depths: true
     0 | D:1      | 0 ||| qw: Lair rune preference: random
     0 | D:1      | 0 ||| qw: Goals: Normal
     0 | D:1      | 0 ||| PLANNING D:1-11
   170 | D:1      | Found a faded altar of an unknown god.
   216 | D:1      | Reached skill level 3 in Ranged Weapons
   216 | D:1      | Reached XP level 2. HP: 21/23 MP: 2/2
   216 | D:1      | 216 ||| Stepping ~*~*~tactically~*~*~ (outnumbered).
   583 | D:1      | Reached XP level 3. HP: 29/29 MP: 3/3
   664 | D:1      | 664 ||| UPGRADING to +6 ring of dexterity.
   665 | D:1      | 665 ||| READING 3 scrolls labelled GIM NUNUCOSCH.
   666 | D:1      | 666 ||| READING 2 scrolls labelled DOPPAE LYONLECW.
   669 | D:1      | 669 ||| READING scroll labelled RENIOF COHOY.
   670 | D:1      | 670 ||| READING scroll labelled JUCEBR MUHIY.
   671 | D:1      | 671 ||| DROPPING 2 scrolls of fear.
   672 | D:1      | 672 ||| DROPPING scroll of poison.
   900 | D:2      | Identified the +0 dagger of Rieno {antimagic, rPois Dex+3}
   958 | D:2      | Reached skill level 4 in Ranged Weapons
  1005 | D:2      | Noticed Terence
  1009 | D:2      | Killed Terence
  1010 | D:2      | Reached XP level 4. HP: 36/36 MP: 4/4
  1086 | D:2      | HP: 9/36 [poisoned by an adder]
  1221 | D:2      | Noticed Jessica
  1232 | D:2      | Killed Jessica
  1233 | D:2      | Reached skill level 5 in Ranged Weapons
  1442 | D:2      | 1442 ||| UPGRADING to +0 ring mail.
  1452 | D:2      | 1452 ||| DROPPING +0 robe.
  1453 | D:2      | 1453 ||| READING scroll labelled QOETOU POPHY.
  1454 | D:2      | 1454 ||| READING scroll labelled YSAJORPHEUH.
  1455 | D:2      | 1455 ||| READING scroll labelled OLEPRI FOAMP.
  1456 | D:2      | 1456 ||| DRINKING 2 green potions.
  1457 | D:2      | 1457 ||| DRINKING 3 fizzy white potions.
  1458 | D:2      | 1458 ||| DRINKING 2 coppery potions.
  1459 | D:2      | 1459 ||| DROPPING potion of attraction.
  1552 | D:3      | Reached skill level 1 in Armour
  1565 | D:3      | Reached skill level 3 in Fighting
  1565 | D:3      | Reached XP level 5. HP: 20/45 MP: 5/5
  1762 | D:3      | Found an ancient bone altar of Kikubaaqudgha.
  1829 | D:3      | Found a blossoming altar of Fedhas.
  1834 | D:3      | Found a snail-covered altar of Cheibriados.
  1837 | D:3      | Found a glowing golden altar of the Shining One.
  2141 | D:3      | Found a runed translucent door.
  2142 | D:3      | Noticed Crazy Yiuf
  2483 | D:3      | 2483 ||| READING 2 scrolls of identify.
  2483 | D:3      | 2483 ||| IDENTIFYING sapphire potion
  2540 | D:4      | Found a sparkling altar of Nemelex Xobeh.
  2552 | D:4      | Noticed a phantom
  2564 | D:4      | Killed a phantom
  2565 | D:4      | Reached skill level 6 in Ranged Weapons
  2626 | D:4      | Reached XP level 6. HP: 51/51 MP: 6/6
  2697 | D:4      | You fall into a shaft and drop 1 floor!
  2697 | D:5      | Entered Level 5 of the Dungeon
  2973 | D:5      | Noticed Duvessa
  2974 | D:5      | Noticed Dowan
  2982 | D:5      | Killed Duvessa
  2983 | D:5      | Reached skill level 7 in Ranged Weapons
  2990 | D:5      | Killed Dowan
  3009 | D:5      | Identified the +1 spear of Insomnia {drain, rPois MP+9
                  | Stlth-}
  3011 | D:5      | HP: 10/52 [centaur/arrow (11)]
  3012 | D:5      | 3012 ||| READING 2 scrolls of teleportation.
  3012 | D:5      | HP: 3/52 [centaur/arrow (8)]
  3013 | D:5      | 3013 ||| DRINKING potion of heal wounds.
  3014 | D:5      | Noticed a komodo dragon
  3014 | D:5      | Noticed a two-headed ogre
  3016 | D:5      | 3016 ||| READING scroll of teleportation.
  3017 | D:5      | Slain by an ogre

Levels and vault maps discovered:
D:1:      matt_arrival_grand_opening, layout_basic,
          nicolae_ecumenical_lake_church
D:2:      layout_loops_ring, kennysheep_jessica_study, uniq_terence
D:3:      layout_rooms, nicolae_overflow_macrodata_refinement, serial_rivers,
          chequers_serial_rivers_micro_d, chequers_serial_rivers_large_b,
          chequers_serial_rivers_small_3, chequers_serial_rivers_small_3,
          chequers_serial_rivers_micro_e, chequers_serial_rivers_large_a,
          kennysheep_generic_room_14, uniq_crazy_yiuf_cottage
D:4:      layout_loops_ring, mainiacjoe_overflow_catwalk, dreamdust_gnoll_farm
D:5:      cheibrodos_fzero, layout_basic, uniq_duvessa

Skill      XL: |  1  2  3  4  5  6 |
---------------+-------------------+-----
Ranged Weapons | 3 4 5 6 7 |  7.1
Fighting       | 2 3 4 |  4.0
Armour         | 1 |  1.0
Dodging        | |  2.9
Spellcasting   | |  1.0
Hexes          | |  2.0

Action                     |  1- 3 |  4- 6 || total
---------------------------+-------+-------++-------
   Fire: Sling             |   101 |   151 ||   252
    Use: Scroll            |     4 |     6 ||    10
         Potion            |       |     4 ||     4
 Armour: Robe              |    10 |     1 ||    11
         Ring mail         |       |    11 ||    11
  Dodge: Dodged            |    22 |    50 ||    72

Table legend:
 A = Non-vault XP
 B = Vault XP
 C = Vault XP percentage of total XP
 D = Non-vault monster count
 E = Vault monster count
 F = Vault count percentage of total count
                 A         B        C        D         E       F
            +---------+---------+-------+---------+---------+-------
      Total |     432 |     291 |  40.2 |      69 |       6 |   8.0
            +---------+---------+-------+---------+---------+-------
        D:1 |      49 |       0 |   0.0 |      28 |       0 |   0.0
        D:2 |      42 |      75 |  64.1 |      16 |       3 |  15.8
        D:3 |      91 |       2 |   2.2 |      15 |       1 |   6.2
        D:4 |     150 |       0 |   0.0 |       4 |       0 |   0.0
        D:5 |     100 |     214 |  68.2 |       6 |       2 |  25.0
            +---------+---------+-------+---------+---------+-------
